 Dungeon Crawl Stone Soup version 0.29-a0-757-g358383bc75 (webtiles) character file.

Game seed: 311702912511977669

112 YayAnonymity the Poker (level 4, 0/33 HPs)
             Began as a Demonspawn Gladiator on June 30, 2022.
             Slain by an orc wizard
             ... wielding a +0 dagger
              (2 damage)
             ... on level 2 of the Dungeon.
             The game lasted 00:02:31 (1502 turns).

YayAnonymity the Poker (Demonspawn Gladiator)       Turns: 1502, Time: 00:02:31

Health: 0/33       AC: 11    Str: 17    XL:     4   Next: 64%
Magic:  4/4        EV:  5    Int:  9    God:
Gold:   127        SH:  0    Dex: 14    Spells: 3/3 levels left

rFire   . . .      SeeInvis .   a - +0 trident
rCold   . . .      Faith    .   (no shield)
rNeg    . . .      Spirit   .   g - +0 plate armour
rPois   .          Reflect  .   c - +0 helmet
rElec   .          Harm     .   (no cloak)
rCorr   .          Rampage  .   (no gloves)
Will    .....                   (no boots)
Stlth   ..........              (no amulet)
HPRegen 0.11/turn               (no ring)
MPRegen 0.09/turn               (no ring)

@: confused
A: powered by death 1, weakness stinger 1
a: no special abilities


You were on level 2 of the Dungeon.
You visited 1 branch of the dungeon, and saw 2 of its levels.

You collected 127 gold pieces.

Inventory:

Hand Weapons
 a - a +0 trident (weapon)
Missiles
 d - 3 throwing nets (quivered)
 e - a javelin
Armour
 c - a +0 helmet (worn)
 g - a +0 plate armour (worn)
Potions
 b - a potion of berserk rage {unknown}
 f - a potion of brilliance
 h - a potion of might {unknown}
 i - a potion of curing {unknown}


   Skills:
 - Level 2.0 Fighting
 * Level 4.2 Polearms
 - Level 1.7 Throwing
 + Level 2.0 Armour
 - Level 3.0 Dodging


You had 3 spell levels left.
You didn't know any spells.
Your spell library was empty.

Dungeon Overview and Level Annotations

Branches:
Dungeon (2/15)

Altars:


Innate Abilities, Weirdness & Mutations

You regenerate a little health from kills.
You have a small tail.


Message History

The orc priest is lightly wounded.
The orc wizard closely misses you.
The orc priest hits you but does no damage.
You hit the orc priest but do no damage.
The orc priest is lightly wounded.
The orc wizard hits you with a +0 dagger.
The orc priest hits you with a +0 hand axe.
You hit the orc priest. You punch the orc priest.
The orc priest is severely wounded.
The orc wizard hits you but does no damage.
The orc priest mumbles some strange prayers to Beogh against you.
Pain shoots through your body!
* * * LOW HITPOINT WARNING * * *
You hit the orc priest.
You kill the orc priest!
The orc wizard hits you but does no damage.
Your Armour skill increases to level 2!
You closely miss the orc wizard.
Your tail-slap misses the orc wizard.
The orc wizard hits you but does no damage.
You hit the orc wizard.
The orc wizard is lightly wounded.
The orc wizard gestures at you while chanting.
You are confused.
The orc wizard hits you with a +0 dagger.
* * * LOW HITPOINT WARNING * * *
The orc wizard hits you but does no damage.
Things that are here:
a +0 hand axe; a +0 ring mail You hit the orc wizard.
The orc wizard is moderately wounded.
The orc wizard points at you and mumbles some strange words.
You are more confused.
The orc wizard hits you with a +0 dagger.
* * * LOW HITPOINT WARNING * * *
The orc wizard points at you and mumbles some strange words.
You are more confused.
The orc wizard hits you with a +0 dagger.
* * * LOW HITPOINT WARNING * * *
The orc wizard hits you with a +0 dagger.
You die...

.................'....#
.#####..#..##.#......#....#
.....................##...#
...........#.#..#####....#
#PP.PP..#.#......#..#.#
#P...P..#.#......#....#
##P....รท.#........+.(..#
#.P...P.####......##.#.#
.....PPPPP......@.........#
........#..#..)o........#.#
.............<)...........#
....).......[....#.###....#
..........................#
...####>..................#
.# #..
#.#.##.##...........#...
#.#. #.##.##............ .
.. .........#.!.......


You could see an orc wizard.

Vanquished Creatures
  An orc priest (D:2)
  Jessica (D:2)
  A dart slug (D:1)
  3 orcs (D:1)
  2 bats (D:1)
  5 endoplasms
  5 giant cockroaches
  A goblin (D:1)
  4 hobgoblins
  7 jackals (D:1)
  6 kobolds
  7 ball pythons (D:1)
  3 rats
  A toadstool (D:2)
47 creatures vanquished.

Vanquished Creatures (others)
  3 plants (D:1)
  5 toadstools (D:2)
8 creatures vanquished.

Grand Total: 55 creatures vanquished

Notes
Turn   | Place    | Note
-------+----------+-------------------------------------------
     0 | D:1      | YayAnonymity the Demonspawn Gladiator began the quest for
                  | the Orb.
     0 | D:1      | Reached XP level 1. HP: 16/16 MP: 1/1
   110 | D:1      | Reached skill level 3 in Polearms
   110 | D:1      | Gained mutation: You have a small tail. [demonic ancestry]
   110 | D:1      | Reached XP level 2. HP: 18/22 MP: 2/2
   210 | D:1      | Found a faded altar of an unknown god.
   306 | D:1      | Reached skill level 1 in Armour
   446 | D:1      | Reached XP level 3. HP: 26/27 MP: 3/3
  1015 | D:2      | Noticed Jessica
  1026 | D:2      | Killed Jessica
  1027 | D:2      | Gained mutation: You regenerate a little health from kills.
                  | [demonic ancestry]
  1027 | D:2      | Reached XP level 4. HP: 26/33 MP: 4/4
  1180 | D:1      | HP: 1/33 [orc/+0 whip (3)]
  1482 | D:1      | Reached skill level 4 in Polearms
  1502 | D:2      | Slain by an orc wizard

Illustrated notes

Levels and vault maps discovered:
D:1:      dpeg_arrival_rooms_b, layout_loops_cross,
          hellmonk_ecumenical_altar_slurped_away, serial_forest,
          infiniplex_forest_clump_small, infiniplex_forest_clump_diagonal,
          infiniplex_forest_diagonal, infiniplex_forest_zigzag_1,
          infiniplex_forest_clump_long, infiniplex_forest_clump_long,
          corexii_leaking_fountain
D:2:      layout_basic, serial_curves, eino_curves_03, eino_curves_04,
          minmay_gold_behind_fungi, uniq_jessica

Skill      XL: |  1  2  3  4 |
---------------+-------------+-----
Polearms       | 3 4 |  4.2
Armour         | 1 2 |  2.0
Dodging        | 3 |  3.0
Fighting       | |  2.0
Throwing       | |  1.7

Action                   |  1- 3 |  4- 6 || total
-------------------------+-------+-------++-------
Melee: Trident           |   101 |    33 ||   134
       Punch             |     1 |     1 ||     2
       Tailslap          |    11 |     5 ||    16
  Use: Potion            |       |     1 ||     1
 Stab: Sleeping          |     1 |       ||     1
Armor: Leather armour    |    14 |       ||    14
       Plate armour      |    52 |    22 ||    74
Dodge: Dodged            |    39 |     6 ||    45

Table legend: (Time is in decaauts)
 A = Elapsed time spent in this place.
 B = Non-inter-level travel time spent in this place.
 C = Inter-level travel time spent in this place.
 D = Time resting spent in this place.
 E = Time spent auto-exploring this place.
 F = Levels seen in this place.
 G = Mean time per level.
                   A        B        C        D        E       F      G
               +--------+--------+--------+--------+--------+-----+--------+
         Total |   1520 |   1498 |     22 |    345 |    853 |   2 |  760.0 |
       Dungeon |   1520 |   1498 |     22 |    345 |    853 |   2 |  760.0 |
               +--------+--------+--------+--------+--------+-----+--------+

Top non-repeatable levels by time:
     D:1: 1332 daAuts
     D:2: 187 daAuts
